 Dungeon Crawl Stone Soup version 0.19-a0-526-gbe2e51c (webtiles) character file.

522 Duffy the Skirmisher (level 7, -3/57 HPs)
             Began as a Mummy Gladiator on June 7, 2016.
             Slain by an orc priest
             ... wielding a +0 flail
              (7 damage)
             ... on level 5 of the Dungeon.
             The game lasted 00:04:02 (3608 turns).

Duffy the Skirmisher (Mummy Gladiator)              Turns: 3608, Time: 00:04:03

Health: -3/57      AC:  4    Str: 21    XL:     7   Next: 1%
Magic:  7/7        EV: 12    Int:  7    God:
Gold:   98         SH:  0    Dex: 12    Spells: 0 memorised, 6 levels left

rFire  x . .     SeeInvis .     i - +2 dagger (venom)
rCold  + . .     Gourm    .     b - +0 leather armour
rNeg   + + +     Faith    .     (no shield)
rPois  ∞         Spirit   .     c - +0 helmet
rElec  .         Dismiss  .     (no cloak)
rCorr  .         Reflect  .     (no gloves)
SustAt .         Harm     .     (no boots)
MR     .....     Rnd*Tele +     (no amulet)
Stlth  +.........               (no ring)
                                o - ring of teleportation (curse)

@: not resistant to hostile enchantments, very unstealthy
A: no food or potions, fire vulnerability, cold resistance 1, negative energy
resistance 3, torment resistance, unbreathing
a: no special abilities


You were on level 5 of the Dungeon.
You were not hungry.

You visited 1 branch of the dungeon, and saw 5 of its levels.

You collected 98 gold pieces.


Innate Abilities, Weirdness & Mutations

You do not eat or drink.
Your flesh is vulnerable to fire.
You are immune to poison.
Your flesh is cold resistant. (rC+)
You are immune to negative energy. (rN+++)
You are immune to unholy pain and torment.
You can survive without breathing.


   Skills:
 + Level 5.7 Fighting
 - Level 4.8 Axes
 - Level 1.5 Throwing
 - Level 2.4 Dodging


You had 6 spell levels left.
You didn't know any spells.

Inventory:

Hand Weapons
 a - a +0 war axe
 i - a +2 dagger of venom (weapon)
Missiles
 d - 3 throwing nets (quivered)
 k - 2 tomahawks
Armour
 b - a +0 leather armour (worn)
 c - a +0 helmet (worn)
Jewellery
 o - a cursed ring of teleportation (left hand)
Scrolls
 e - 2 scrolls of teleportation {unknown}
 f - 4 scrolls of amnesia {unknown}
 g - 4 scrolls of identify {unknown}
 h - a scroll of noise {unknown}
 j - 2 scrolls of remove curse {unknown}
 l - 2 scrolls of magic mapping {unknown}
 m - 2 scrolls of fear {unknown}
 p - a scroll of enchant armour {unknown}
Books
 n - a book of Transfigurations

Dungeon Overview and Level Annotations

Branches:
Dungeon (5/15)
 Temple: D:4-7

Altars:
Hepliaklqana
Ru
Trog

Annotations:
D:2 Sigmund


Message History

The orc shouts!
Found four items.
Found an escape hatch in the floor.
An adder comes into view.
There is an escape hatch in the floor here.
Found a bread ration.
You see here a scroll labeled SYOMERHO WESCH.
p - a scroll labeled SYOMERHO WESCH You see here a bread ration.
You open the door. The adder bites you but does no damage.
There is an open door here.
The adder closely misses you.
You puncture the adder!
The adder is poisoned.
The adder is severely wounded.
The adder bites you but does no damage.
You miss the adder.
The adder is severely wounded.
The adder bites you.
You hit the adder.
You kill the adder!
You have reached level 7!
You hit the orc.
The orc is poisoned.
The orc is severely wounded.
You kill the orc!
You swing at nothing.
An orc priest opens the door.
It is wielding a flail.
The orc priest shouts!
There is an open door, spattered with blood here.
Things that are here:
a club; an orc corpse; an adder corpse An orc priest comes into view.
It is wielding a club.
The orc priest shouts!
The orc priest invokes the aid of Beogh against you.
Beogh smites you! The orc priest barely misses you.
There is an open door, spattered with blood here.
Things that are here:
a club; an orc corpse; an adder corpse The orc priest miscasts a cantrip.
The orc priest closely misses you.
You are too injured to fight recklessly!
You are too injured to fight recklessly!
You are too injured to fight recklessly!
You hit the orc priest but do no damage.
The orc priest calls down the wrath of Beogh upon you.
Beogh smites you! The orc priest closely misses you.
You closely miss the orc priest.
The orc priest invokes the aid of Beogh against you.
Beogh smites you!
You hit the orc priest but do no damage.
The orc priest is poisoned.
The orc priest hits you with a flail!
You die...

#...
###########
#.....#@..#
#.....)o..#
#.....#...#
#....%#...#
#.....#...#
##...##o###
##...##..##..
#............
#...........


You could see 2 orc priests.

Action                   |  1- 3 |  4- 6 |  7- 9 || total
-------------------------+-------+-------+-------++-------
Melee: War axe           |    54 |       |       ||    54
       Dagger            |    68 |   171 |     4 ||   243
Armor: Leather armour    |    51 |    56 |       ||   107
Dodge: Dodged            |   106 |   102 |     3 ||   211

Notes
Turn   | Place    | Note
--------------------------------------------------------------
     0 | D:1      | Duffy the Mummy Gladiator began the quest for the Orb.
     0 | D:1      | Reached XP level 1. HP: 16/16 MP: 1/1
   298 | D:1      | Reached XP level 2. HP: 22/22 MP: 2/2
   318 | D:1      | Reached skill level 3 in Axes
   854 | D:2      | Reached XP level 3. HP: 27/27 MP: 3/3
  1028 | D:2      | Found a bloodstained altar of Trog.
  1030 | D:2      | Found a hazy altar of Hepliaklqana.
  1040 | D:2      | Found a sacrificial altar of Ru.
  1202 | D:3      | Reached skill level 4 in Axes
  1254 | D:2      | Noticed Sigmund
  1294 | D:3      | Reached XP level 4. HP: 7/33 MP: 4/4
  1674 | D:3      | Found a sacrificial altar of Ru.
  1945 | D:3      | Reached XP level 5. HP: 8/38 MP: 5/5
  2668 | D:4      | Reached skill level 3 in Fighting
  2801 | D:4      | Reached XP level 6. HP: 20/48 MP: 6/6
  2999 | D:4      | Reached skill level 4 in Fighting
  3321 | D:4      | Noticed Blork the orc
  3331 | D:4      | Killed Blork the orc
  3331 | D:4      | Reached skill level 5 in Fighting
  3376 | D:5      | Entered Level 5 of the Dungeon
  3560 | D:5      | Reached XP level 7. HP: 34/57 MP: 7/7
  3608 | D:5      | Slain by an orc priest

Skill      XL: |  1  2  3  4  5  6 |
---------------+-------------------+-----
Axes           | 3 4 |  4.8
Fighting       | 3 5 |  5.7
Throwing       | |  1.5
Dodging        | |  2.4

Vault maps used:
D:1:      kilobyte_arrival_exit_the_forest
D:2:      kennysheep_six_static_rooms, grunt_temple_overflow_open,
          serial_park_tiny_pond, uniq_sigmund
D:3:      first_bread, nicolae_ru_awakened_eye
D:4:      wad_crossroads, uniq_blork_the_orc
D:5:      tgw_sif, minmay_holes

Vanquished Creatures
  An ogre Blork the orc
  A giant frog zombie
  A howler monkey
  3 orc priests
  An orc wizard
  A worker ant
  A howler monkey skeleton
  5 adders
  2 oozes
  A dart slug
  4 giant geckos
  10 orcs
  6 bats
  5 giant cockroaches
  9 goblins
  6 hobgoblins
  11 jackals
  A quokka
  2 ball pythons
  5 giant newts
  6 kobolds
  A rat
84 creatures vanquished.
